 Dungeon Crawl Stone Soup version 0.24-a0-699-g5a66b1aa3b (webtiles) character file.

Game seed: 2689386356770364683, levelgen mode: deterministic

21495 Monsterracer the Basher (level 12, -21/115 HPs)
             Began as a Naga Conjurer on Sept 29, 2019.
             Was a High Priest of Okawaru.
             Engulfed by an ice statue's freezing vapour (31 damage)
             ... in an ice cave.
             The game lasted 00:41:15 (17150 turns).

Monsterracer the Basher (Naga Conjurer)            Turns: 17150, Time: 00:41:16

Health: -21/115    AC: 22    Str: 15    XL:     12   Next: 90%
Magic:  11/21      EV: 11    Int: 24    God:    Okawaru [*****.]
Gold:   572        SH:  8    Dex: 12    Spells: 2/23 levels left

rFire    x . .     SeeInvis +   a - +7 morningstar of Yghe {crush, rElec Str-2 Int+5}
rCold    . . .     Gourm    .   q - +2 buckler of the Raven {+Blink rElec rF- SInv}
rNeg     + . .     Faith    +   s - +2 animal skin
rPois    +         Spirit   .   u - +1 helmet
rElec    +         Reflect  .   y - scarf {repulsion}
rCorr    .         Harm     .   (no gloves)
MR       +....                  v - +4 naga barding of the Bulwark {*Slow +Fly Regen+ Str+5}
Stlth    +++++.....             b - amulet of faith
HPRegen  0.69/turn              F - +4 ring of protection
MPRegen  0.17/turn              H - ring of positive energy (curse)

@: heroism, finesse, slowed, repel missiles, very slow
A: large, see invisible, deformed body, poison resistance, slowness 2, slow
metabolism 1, spit poison 1, AC +4
a: Spit Poison, Heroism, Finesse, Renounce Religion, Evoke Blink, Evoke Flight


You were in an ice cave.
You worshipped Okawaru.
Okawaru was extremely pleased with you.
You were hungry.

You visited 2 branches of the dungeon, and saw 15 of its levels.
You also visited: Ice Cave.

You collected 999 gold pieces.
You spent 427 gold pieces at shops.


Innate Abilities, Weirdness & Mutations

You cannot wear boots.
Your serpentine skin is tough. (AC +4)
You have supernaturally acute eyesight. (SInv)
Armour fits poorly on your strangely shaped body.
Your system is resistant to poisons. (rPois)
You cover ground very slowly.
You have a slow metabolism.
You can spit poison.


   Skills:
 + Level 9.5(14.5) Fighting
 * Level 11.6(16.6) Maces & Flails
 - Level 1.5(6.5) Dodging
 - Level 6.2(11.2) Stealth
 + Level 2.9(7.9) Shields
 - Level 6.0 Spellcasting
 - Level 10.0 Conjurations
 + Level 3.9 Poison Magic
 + Level 6.7 Invocations
 - Level 5.0 Evocations


You had 2 spell levels left.
You knew the following spells:

 Your Spells              Type           Power        Failure   Level  Hunger
a - Magic Dart            Conj           ####         1%          1    None
b - Searing Ray           Conj           ######       1%          2    None
c - Olgreb's Toxic Radia  Pois           ####....     16%         4    ###....
d - Iskenderun's Mystic   Conj           ######..     1%          4    ###....
f - Fulminant Prism       Conj/Hex       ####......   10%         4    ###....
g - Dazzling Spray        Conj/Hex       ####..       3%          3    #......
j - Regeneration          Chrm/Necr      #.........   24%         3    #......

Your spell library contained the following spells:

 Spells                   Type           Power        Failure   Level  Hunger
 Sting                    Conj/Pois      ####         1%          1    None
 Poisonous Vapours        Pois/Air       ###...       5%          2    None
 Animate Skeleton         Necr           N/A          8%          1    None
 Pain                     Necr           #...         8%          1    None
 Sandblast                Erth           #.....       8%          1    None
 Passwall                 Tmut/Erth      #.......     12%         2    None
 Mephitic Cloud           Conj/Pois/Air  ####....     3%          3    #......
 Static Discharge         Conj/Air       ####....     3%          3    #......
 Stone Arrow              Conj/Erth      ####..       3%          3    #......
 Force Lance              Conj/Tloc      ####....     10%         4    ###....
 Venom Bolt               Conj/Pois      #####.....   12%         5    #####..
 Vampiric Draining        Necr           #.........   24%         3    #......
 Bolt of Draining         Conj/Necr      ####......   28%         5    #####..
 Lightning Bolt           Conj/Air       ####......   28%         5    #####..
 Animate Dead             Necr           N/A          61%         4    ###....
 Petrify                  Tmut/Erth      #.......     61%         4    ###....
 Lee's Rapid Deconstruct  Erth           #.........   91%         5    #####..
 Deflect Missiles         Chrm/Air       #.........   100%        6    ######.

Inventory:

Hand Weapons
 a - the +7 morningstar of Yghe (weapon) {crush, rElec Str-2 Int+5}
   (You bought it in a shop on level 8 of the Dungeon)

   It inflicts extra damage upon your enemies.
   It affects your strength (-2).
   It affects your intelligence (+5).
   It insulates you from electricity.
 t - a +0 broad axe of electrocution
   (You found it on level 3 of the Lair of Beasts)
Missiles
 D - a throwing net (quivered) {!f}
Armour
 q - the +2 buckler of the Raven (worn) {+Blink rElec rF- SInv}
   (You found it on level 5 of the Dungeon)

   It makes you vulnerable to fire.
   It insulates you from electricity.
   It lets you see invisible.
   It lets you blink.
 s - a +2 animal skin (worn)
   (You took it off Robin on level 3 of the Dungeon)
 u - a +1 helmet (worn)
   (You took it off Robin on level 3 of the Dungeon)
 v - the +4 naga barding of the Bulwark (worn) {*Slow +Fly Regen+ Str+5}
   (Okawaru gifted it to you on level 2 of the Lair of Beasts)

   It affects your strength (+5).
   It lets you fly.
   It increases your rate of regeneration.
   It may slow you when you take damage.
 x - a +0 cloak
   (You found it on level 6 of the Dungeon)
 y - a scarf of repulsion (worn)
   (You found it on level 6 of the Dungeon)
Jewellery
 b - an amulet of faith (around neck)
   (You found it on level 1 of the Dungeon)
 F - a +4 ring of protection (left hand)
   (You found it on level 2 of the Lair of Beasts)
 G - an uncursed ring of ice
   (You found it on level 9 of the Dungeon)
 H - a cursed ring of positive energy (right hand)
   (You found it on level 4 of the Lair of Beasts)
Wands
 i - a wand of disintegration (9)
   (You found it on level 2 of the Lair of Beasts)
 j - a wand of iceblast (18)
   (You found it on level 4 of the Dungeon)
 k - a wand of clouds (4)
   (You found it on level 6 of the Dungeon)
Scrolls
 f - a scroll of blinking {unknown}
 n - 2 scrolls of immolation {!r}
 o - a scroll of amnesia
 p - 3 scrolls of enchant weapon
 r - a scroll of remove curse
 A - 2 scrolls of fear {!r}
 C - a scroll of vulnerability {unknown}
 E - a scroll of silence
 I - 6 scrolls of teleportation {!r}
Potions
 d - a potion of invisibility
 e - 4 potions of curing
 g - 2 potions of agility
 h - a potion of haste
 l - a potion of lignification
 w - 2 potions of berserk rage {!q}
 z - 3 potions of brilliance
 B - a potion of mutation {!q}
Comestibles
 c - 17 rations

Dungeon Overview and Level Annotations

Branches:
Dungeon (11/15)            Temple (0/1) D:5            Lair (4/6) D:11
  Swamp (0/4) Lair:3        Snake (0/4) Lair:4          Orc (0/2) D:9
  IceCv (1/1)

Altars:
Ashenzari
Cheibriados
Kikubaaqudgha
Nemelex Xobeh
Okawaru
Qazlal
Trog
Xom
Beogh

Shops:
D:8 %((=*   D:10 (

Annotations:
D:10 5 exclusions
Lair:1 Gastronok IceCv 1 transporter, exclusion: 2 ice statues

###########
##...!©/...##
#...8.}.8...#
##....$.?....##
#....../......#
#....8...8....#
#.............#
#....Y@°....#
#.....°.....#
#.....©.....#
##.........##
##...∩...##
##.....##
#######


You could see 2 ice statues and an ice beast.


Message History

You bludgeon the ice beast!!
You kill the ice beast!
Okawaru accepts your kill.
You are feeling hungry.
You bludgeon the ice beast!!
You kill the ice beast!
Okawaru accepts your kill.
Your hands slow down.
You feel like a meek peon again.
HP restored.
Magic restored.
There is an ice covered gate leading back out of this place here.
There is an ice choked empty arch of ancient stone, spattered with blood here.
Found a transporter.
You now have 525 gold pieces (gained 19).
You now have 556 gold pieces (gained 31).
You now have 572 gold pieces (gained 16).
f - a scroll of brand weapon Unknown command.
As you read the scroll of brand weapon, it crumbles to dust.
Your +0 broad axe of venom crackles with electricity.
t - a +0 broad axe of electrocution
f - a scroll labeled UNOSTE HAIKU
Okay, then.
Okay, then.
There is a transporter here.
You enter the transporter and appear at another place.
An ugly thing and 2 ice statues come into view.
Marking area around 2 ice statues as unsafe for travelling.
Found four items.
Found an ice covered gate leading back out of this place.
Casting: Fulminant Prism (safe; 10% risk of failure)
Confirm with . or Enter, or press ? or * to list all spells.
Aiming: Iskenderun's Mystic Blast (safe; 1% risk of failure)
Press: ? - help, Shift-Dir - straight line, f - white ugly thing
Aim: a white ugly thing (resting)
Okay, then.
You gain the combat prowess of a mighty hero.
Marking area around 2 ice statues as unsafe for travelling.
You can now deal lightning-fast blows.
The ice statue gestures at you.
The freezing blast engulfs you but does no damage.
Found a fluorescent wand and a fizzy yellow potion.
Found a transporter.
Casting: Iskenderun's Mystic Blast (safe; 1% risk of failure)
Confirm with . or Enter, or press ? or * to list all spells.
Aiming: Iskenderun's Mystic Blast (safe; 1% risk of failure)
Press: ? - help, Shift-Dir - straight line, f - white ugly thing
Aim: a white ugly thing (resting)
Okay, then.
Casting: Iskenderun's Mystic Blast (safe; 1% risk of failure)
Confirm with . or Enter, or press ? or * to list all spells.
Aiming: Fulminant Prism (safe; 10% risk of failure)
Press: ? - help, Dir - move target cursor You conjure a prism of explosive energy!
You are engulfed in freezing vapours.
The white ugly thing gurgles horribly!
You hit the white ugly thing.
The white ugly thing is lightly wounded.
You are engulfed in freezing vapours.
The ice statue gestures.
The white ugly thing is engulfed in freezing vapours.
The white ugly thing tentacle-slaps you but does no damage.
You impale the white ugly thing!!
The white ugly thing is severely wounded.
You are engulfed in freezing vapours.
You hit the white ugly thing.
The white ugly thing is severely wounded.
Your fulminant prism crackles loudly.
You closely miss the white ugly thing.
The white ugly thing is severely wounded.
The ice statue gestures at you. The freezing blast engulfs you!
The white ugly thing is engulfed in freezing vapours.
The white ugly thing tentacle-slaps you but does no damage.
You hit the white ugly thing.
The white ugly thing is almost dead.
You are engulfed in freezing vapours.
You thump the white ugly thing!
You kill the white ugly thing!
Okawaru accepts your kill.
You are engulfed in freezing vapours.
You feel yourself slow down.
Your fulminant prism explodes!
The blast of energy engulfs the ice statue.
The ice statue is lightly damaged.
The blast of energy engulfs the ice statue!
The ice statue is moderately damaged.
Unknown command.
Okay, then.
You are engulfed in freezing vapours.
* * * LOW HITPOINT WARNING * * *
The ice statue gestures at you. The bolt of cold hits you!!
* * * LOW HITPOINT WARNING * * *
You block the ice beast's attack.
Okay, then.
Okay, then.
You feel better.
You are engulfed in freezing vapours.
You die...

Skill      XL: |  1  2  3  4  5  6  7  8  9 10 11 12 |
---------------+-------------------------------------+-----
Conjurations   | 5 6 7 9 10 | 10.0
Spellcasting   | 3 4 5 6 |  6.0
Fighting       | 1 2 4 5 7 8 9 |  9.5
Maces & Flails | 5 8 10 11 | 11.6
Shields        | 2 |  2.9
Stealth        | 6 |  6.2
Invocations    | 2 4 6 |  6.7
Evocations     | 2 4 5 |  5.0
Poison Magic   | 3 |  3.9
Dodging        | |  1.5

Action                   |  1- 3 |  4- 6 |  7- 9 | 10-12 || total
-------------------------+-------+-------+-------+-------++-------
Melee: Dagger            |       |    14 |       |       ||    14
       Flail             |       |     6 |    72 |    21 ||    99
       Trident           |       |     1 |       |       ||     1
       Morningstar       |       |       |       |   333 ||   333
 Cast: Magic Dart        |    51 |   119 |   195 |   143 ||   508
       Searing Ray       |       |     6 |    48 |    47 ||   101
       Iskenderun's Myst |       |     1 |       |     8 ||     9
       Force Lance       |       |       |     1 |       ||     1
       Fulminant Prism   |       |       |       |     3 ||     3
Invok: Heroism           |       |       |     4 |    11 ||    15
       Finesse           |       |       |       |     9 ||     9
 Abil: Spit Poison       |    10 |    13 |    28 |    20 ||    71
       Evoke Blink       |       |       |       |     1 ||     1
Evoke: Wand              |       |       |     5 |     1 ||     6
  Use: Scroll            |       |     8 |     4 |    11 ||    23
       Potion            |       |       |     1 |     8 ||     9
 Stab: Sleeping          |       |     1 |       |       ||     1
       Confused          |       |       |     1 |       ||     1
       Invisible         |       |       |       |     3 ||     3
       Distracted        |       |       |       |     1 ||     1
  Eat: Chunk             |     1 |     9 |    14 |    14 ||    38
       Ration            |       |       |     1 |     2 ||     3
Armor: Robe              |     1 |    15 |       |       ||    16
       Animal skin       |       |     8 |    70 |   224 ||   302
       Skin              |       |       |       |     9 ||     9
Dodge: Dodged            |     4 |    67 |    64 |   116 ||   251
       Deflected         |       |       |    14 |     4 ||    18
Block: Buckler           |       |       |       |    92 ||    92

Levels and vault maps discovered:
D:1:      minmay_arrival_open_corners, layout_loops_cross
D:2:      layout_basic, minmay_heptomino_h4
D:3:      minmay_diamond_boxcup, layout_loops_corners,
          nicolae_qazlal_style_of_elements, grunt_temple_overflow_open,
          chequers_ecumenical_altar_twisty, uniq_robin
D:4:      layout_loops_ring, nemelex_xobeh_ov_fountains_minmay, first_ration,
          serial_undead, serial_undead_b, serial_undead_e, serial_undead_b,
          serial_undead_a, serial_undead_a, serial_undead_e, st_stairs_5,
          minmay_fountain_box, evilmike_ruin_ashenzari
D:5:      layout_basic, minmay_temple_entry_fiery, grunt_decor_fettered,
          st_stairs_14, lemuel_old_faithful
D:6:      layout_cave_pools, xom_redecorated, uniq_eustachio,
          uniq_crazy_yiuf_cottage
D:7:      layout_basic
D:8:      layout_cave_pools, serial_shops, shop, shop, shop, shop,
          nicolae_shop_crystal, uniq_pikel
D:9:      layout_gridville, minmay_orc_entry_temple_small, hangedman_fish_farm
D:10:     minmay_the_grid_plus [minmay_the_grid_armoury, minmay_the_grid_spikes,
          minmay_the_grid_zigzags, minmay_the_grid_plusring,
          minmay_the_grid_prize_four_corners_diamond_b], layout_cave_pools,
          serial_shops, nicolae_shop_behind_doors, nicolae_shop_trees, shop,
          uniq_snorg
D:11:     wad_cavern_with_rooms, layout_long_grid, lair_entry_dummy
Lair:1:   layout_cave_shapes, infiniplex_staircase_pool_2, uniq_gastronok
Lair:2:   layout_chaotic_city, basic_altar, hangedman_lair_generics_rect,
          grunt_megastairs_5
Lair:3:   lemuel_ratsnest, layout_cave_pods, swamp_mist, st_stairs_3,
          fungi_pond_lemuel, cheibrodos_lair_lostbears, wad_woods_river_01
Lair:4:   layout_roguey, minmay_snake_entry_six_corridors,
          portal_ice_cave_entry_pillars_2
IceCv:    ice_cave_statue_garden_transporter

Notes
Turn   | Place    | Note
-------+----------+-------------------------------------------
     0 | D:1      | Monsterracer the Naga Conjurer began the quest for the Orb.
     0 | D:1      | Reached XP level 1. HP: 15/15 MP: 3/3
   210 | D:1      | Reached XP level 2. HP: 22/22 MP: 0/5
   760 | D:1      | Learned a level 2 spell: Searing Ray
   946 | D:2      | Reached XP level 3. HP: 24/28 MP: 1/6
  1211 | D:2      | Reached skill level 5 in Conjurations
  1283 | D:2      | Reached XP level 4. HP: 36/36 MP: 5/8
  1293 | D:2      | Learned a level 4 spell: Iskenderun's Mystic Blast
  1584 | D:2      | HP: 12/36 [gnoll/+0 halberd (13)]
  2124 | D:2      | Reached XP level 5. HP: 42/42 MP: 5/9
  2545 | D:3      | Learned a level 3 spell: Dazzling Spray
  2569 | D:3      | Noticed an air elemental
  2571 | D:3      | Found a stormy altar of Qazlal.
  2676 | D:3      | Noticed a fire elemental
  2676 | D:3      | Noticed a water elemental
  2714 | D:3      | Found an ancient bone altar of Kikubaaqudgha.
  2725 | D:3      | Found a bloodstained altar of Trog.
  2831 | D:3      | Noticed Robin
  2851 | D:3      | Killed Robin
  3418 | D:3      | Reached XP level 6. HP: 37/49 MP: 3/11
  3759 | D:3      | Found a faded altar of an unknown god.
  3781 | D:3      | Became a worshipper of Warmaster Okawaru
  3781 | D:3      | Reached * piety under Okawaru
  4060 | D:4      | Reached skill level 1 in Fighting
  4327 | D:4      | Found a sparkling altar of Nemelex Xobeh.
  4331 | D:4      | Reached ** piety under Okawaru
  4331 | D:4      | Reached XP level 7. HP: 57/57 MP: 7/13
  4635 | D:4      | Found a shattered altar of Ashenzari.
  5435 | D:5      | Entered Level 5 of the Dungeon
  5645 | D:5      | Reached XP level 8. HP: 68/68 MP: 8/15
  6000 | D:5      | Reached *** piety under Okawaru
  6293 | D:5      | Got an ancient buckler
  6320 | D:5      | Identified the +2 buckler of the Raven {+Blink rElec rF-
                  | SInv} (You found it on level 5 of the Dungeon)
  6468 | D:5      | Found a staircase to the Ecumenical Temple.
  6631 | D:5      | Reached skill level 5 in Spellcasting
  6682 | D:6      | Noticed Eustachio
  6697 | D:6      | HP: 32/69 [white imp/puff of frost[Eustachio] (5)]
  6701 | D:5      | Killed Eustachio
  7016 | D:6      | Found a shimmering altar of Xom.
  7016 | D:6      | Found a shimmering altar of Xom.
  7187 | D:6      | Found a shimmering altar of Xom.
  7189 | D:6      | Found a shimmering altar of Xom.
  7302 | D:6      | HP: 31/72 [orc warrior/boomerang (14)]
  7683 | D:6      | HP: 31/72 [orc warrior/boomerang (9)]
  7692 | D:6      | HP: 20/72 [orc warrior/boomerang (8)]
  7704 | D:6      | HP: 15/72 [orc warrior/+0 glaive (8)]
  7708 | D:6      | HP: 1/72 [orc warrior/+0 glaive (15)]
  7713 | D:6      | Reached **** piety under Okawaru
  7713 | D:6      | Reached XP level 9. HP: 18/79 MP: 13/17
  8230 | D:6      | Found a runed translucent door.
  8231 | D:6      | Noticed Crazy Yiuf
  8239 | D:6      | Killed Crazy Yiuf
  8445 | D:7      | Reached skill level 1 in Maces & Flails
  8730 | D:7      | Learned a level 4 spell: Force Lance
  8735 | D:7      | Learned a level 4 spell: Fulminant Prism
  8826 | D:7      | HP: 34/79 [orc warrior/+0 mace (12)]
  8827 | D:7      | HP: 16/79 [orc warrior/+0 mace (18)]
  8829 | D:7      | Reached skill level 2 in Maces & Flails
  9481 | D:7      | Reached skill level 5 in Fighting
  9780 | D:7      | Reached skill level 3 in Maces & Flails
 10515 | D:8      | Found Rehytwia's Jewellery Shoppe.
 10601 | D:8      | Reached skill level 10 in Conjurations
 10666 | D:8      | Reached skill level 1 in Shields
 10718 | D:8      | Reached skill level 4 in Maces & Flails
 10767 | D:8      | Found Ifauq's General Store.
 10773 | D:8      | Bought a scroll of fear for 45 gold pieces
 10773 | D:8      | Bought a scroll of silence for 97 gold pieces
 10773 | D:8      | Bought a scroll of teleportation for 39 gold pieces
 10773 | D:8      | Bought a scroll of teleportation for 39 gold pieces
 10786 | D:8      | Found Gorchych's Antique Weapon Shop.
 10798 | D:8      | Noticed Pikel
 10819 | D:7      | Killed Pikel
 10819 | D:7      | Reached skill level 5 in Maces & Flails
 10819 | D:7      | Reached XP level 10. HP: 74/91 MP: 4/19
 11044 | D:8      | Found Liedd's Weapon Shop.
 11177 | D:8      | Found Walamy's Food Emporium.
 11325 | D:8      | Reached ***** piety under Okawaru
 11533 | D:8      | Bought a polished morningstar for 207 gold pieces
 11533 | D:8      | Identified the +7 morningstar of Yghe {crush, rElec Str-2
                  | Int+5} (You bought it in a shop on level 8 of the Dungeon)
 11696 | D:8      | Reached skill level 6 in Maces & Flails
 11698 | D:8      | Received a gift from Okawaru
 11703 | D:8      | HP: 34/91 [yak (12)]
 11947 | D:8      | Reached skill level 5 in Stealth
 12039 | D:9      | Found a staircase to the Orcish Mines.
 12284 | D:9      | Found a roughly hewn altar of Beogh.
 12332 | D:9      | Reached skill level 7 in Maces & Flails
 12464 | D:9      | Learned a level 3 spell: Regeneration
 12470 | D:9      | Learned a level 4 spell: Olgreb's Toxic Radiance
 12856 | D:10     | Entered Level 10 of the Dungeon
 12856 | D:10     | Noticed a cyclops
 12860 | D:10     | Killed a cyclops
 12860 | D:10     | Received a gift from Okawaru
 12860 | D:10     | Reached skill level 1 in Invocations
 12860 | D:10     | Reached skill level 1 in Evocations
 12861 | D:10     | Got a crystal arbalest {god gift}
 12982 | D:10     | Identified the +5 arbalest of Embarrassment {velocity,
                  | *Slow rN+ Str+4} (Okawaru gifted it to you on level 10 of
                  | the Dungeon)
 13030 | D:10     | Noticed Snorg
 13044 | D:10     | Killed Snorg
 13044 | D:10     | Reached skill level 8 in Maces & Flails
 13044 | D:10     | Reached XP level 11. HP: 76/100 MP: 8/20
 13139 | D:10     | Found Xuenaruu's Antique Weapon Shoppe.
 13237 | D:10     | Noticed an unseen horror
 13278 | D:10     | Noticed an unseen horror
 13288 | D:10     | Noticed an eight-headed hydra
 13301 | D:10     | HP: 50/100 [hornet (8)]
 13305 | D:10     | Killed an unseen horror
 13344 | D:10     | Noticed an orc sorcerer
 13345 | D:10     | Noticed an orc knight
 13345 | D:10     | Noticed an orc sorcerer
 13345 | D:10     | HP: 50/102 [orc sorcerer/+0 flail[an orc knight] (7)]
 13358 | D:11     | HP: 36/102 [orc sorcerer/+0 flail[an orc knight] (1)]
 13359 | D:11     | Killed an orc sorcerer
 13389 | D:11     | HP: 44/102 [leopard gecko (1)]
 13642 | D:11     | Found a staircase to the Lair.
 13651 | Lair:1   | Entered Level 1 of the Lair of Beasts
 13651 | Lair:1   | Noticed Gastronok
 13655 | Lair:1   | Noticed a seven-headed hydra
 13669 | Lair:1   | Reached skill level 9 in Maces & Flails
 13682 | Lair:1   | Noticed an eight-headed hydra
 13688 | Lair:1   | HP: 51/103 [eight-headed hydra (5)]
 13689 | Lair:1   | HP: 15/103 [eight-headed hydra (11)]
 13690 | Lair:1   | HP: 6/103 [eight-headed hydra (9)]
 13690 | Lair:1   | HP: 1/103 [eight-headed hydra (5)]
 13712 | Lair:1   | Killed an eight-headed hydra
 13742 | Lair:1   | HP: 16/103 [bullfrog (2)]
 13745 | Lair:1   | Received a gift from Okawaru
 13893 | Lair:1   | HP: 47/103 [seven-headed hydra (5)]
 13896 | Lair:1   | Killed a seven-headed hydra
 14876 | Lair:2   | Reached skill level 10 in Maces & Flails
 14879 | Lair:2   | Noticed a seven-headed hydra
 14890 | Lair:2   | Killed a seven-headed hydra
 14890 | Lair:2   | Reached XP level 12. HP: 97/112 MP: 5/21
 14891 | Lair:2   | Reached skill level 5 in Invocations
 15026 | Lair:2   | Noticed a five-headed hydra
 15039 | Lair:2   | Killed a five-headed hydra
 15043 | Lair:2   | Received a gift from Okawaru
 15050 | Lair:2   | Reached skill level 5 in Evocations
 15076 | Lair:2   | Got a dazzling naga barding {god gift}
 15087 | Lair:2   | Identified the +4 naga barding of the Bulwark {*Slow +Fly
                  | Regen+ Str+5} (Okawaru gifted it to you on level 2 of the
                  | Lair of Beasts)
 15177 | Lair:2   | Found a snail-covered altar of Cheibriados.
 15563 | Lair:3   | Reached skill level 1 in Poison Magic
 15815 | Lair:3   | Reached skill level 11 in Maces & Flails
 15969 | Lair:3   | Found a staircase to the Swamp.
 16216 | Lair:3   | Identified the Reference Book on Doomed Feathers
 16998 | Lair:4   | Found a frozen archway.
 17020 | IceCv    | Entered an ice cave
 17121 | IceCv    | Found a transporter.
 17141 | IceCv    | Found a transporter.
 17149 | IceCv    | HP: 20/115 [ice statue] (42)]
 17149 | IceCv    | HP: 3/115 [ice statue/bolt of cold (19)]
 17150 | IceCv    | Engulfed by an ice statue's freezing vapour

Vanquished Creatures
  Snorg (D:10)
  4 hydras (Lair:1 Lair:2)
  A fire crab (Lair:2)
  An unseen horror (D:10)
  Pikel (D:7)
  An orc sorcerer (D:11)
  A cyclops (D:10)
  2 ugly things (IceCv)
  4 elephants (Lair:2 Lair:3)
  A black mamba (Lair:3)
  5 spiny frogs (Lair:2 Lair:3 Lair:4)
  A rime drake (Lair:3)
  5 komodo dragons (Lair:1 Lair:2 Lair:3)
  A troll (D:9)
  A merfolk (D:9)
  2 polar bears (Lair:3)
  A hornet (D:10)
  3 hippogriffs (D:9 Lair:3)
  4 blink frogs (Lair:1 Lair:2)
  A wyvern (Lair:3)
  Eustachio (D:5)
  A basilisk (Lair:3)
  8 yaks (D:8 D:9 Lair:2)
  2 hungry ghosts (D:9 D:11)
  2 porcupines (Lair:2)
  5 orc warriors (D:6 D:7 D:9)
  9 ice beasts (D:4 D:9 D:10 IceCv)
  3 sky beasts (D:5 D:8 D:10)
  6 ogres (D:4 D:5 D:6 D:8 D:9)
  2 phantoms (D:7 D:9)
  2 slaves (D:8)
  4 centaurs (D:7 D:8)
  6 crocodiles (Lair:2 Lair:3)
  5 bullfrogs (D:7 Lair:1 Lair:2)
  A gnoll sergeant (D:7)
  4 scorpions (D:6 D:7 D:10)
  3 wights (D:8 D:7)
  An electric eel (Lair:3)
  A howler monkey (D:10)
  2 crimson imps (D:9 D:11)
  2 bullfrog zombies (D:4 D:10)
  2 quasits (D:8 D:10)
  4 jellies (D:5 D:7)
  5 hounds (D:6 D:7 D:9 D:11)
  4 orc priests (D:4 D:6 D:9)
  A bullfrog skeleton (D:5)
  2 centaur skeletons (D:4)
  Crazy Yiuf (D:6)
  8 iguanas (D:3 D:5 D:6 D:7 D:8)
  5 orc wizards (D:3 D:6 D:8 D:9)
  8 hell rats (Lair:3)
  4 worker ants (D:4 D:8)
  5 hound skeletons (D:3 D:4 D:7 D:9)
  2 hound zombies (D:4 D:7)
  2 worker ant zombies (D:4 D:8)
  Robin (D:3)
  15 gnolls (D:1 D:2 D:5 D:7)
  15 adders (D:2 D:1 D:3 D:5 D:6)
  15 river rats (Lair:3)
  7 shadow imps (D:5 D:7 D:10 D:11)
  An ooze (D:2)
  An adder skeleton (D:4)
  3 adder zombies (D:4 D:5)
  4 worms (D:2 D:3 D:4 D:5)
  2 dart slugs (D:3 D:4)
  5 leopard geckos (D:2 D:3 D:5 D:9 D:11)
  39 orcs (D:3 D:4 D:5 D:6 D:7)
  2 ball pythons (D:5 D:6)
  7 bats (D:1 D:2 D:3)
  8 giant cockroaches (D:1 D:2 D:4 D:8)
  6 hobgoblins (D:1 D:2 D:3)
  2 jackals (D:1)
  8 kobolds (D:1 D:2 D:3)
  8 quokkas (D:2 D:3 Lair:3)
  A frilled lizard (D:1)
  2 giant cockroach zombies (D:4)
  19 goblins (D:1 D:2 D:3)
  A jackal skeleton (D:6)
  4 jackal zombies (D:4 D:5)
  A leopard gecko skeleton (D:5)
  A leopard gecko zombie (D:4)
  A quokka zombie (D:5)
  12 rats (D:1 D:3 Lair:3)
  A fungus (D:6)
356 creatures vanquished.

Vanquished Creatures (others)
  3 fulminant prisms (IceCv)
  A plant (Lair:3)
4 creatures vanquished.

Grand Total: 360 creatures vanquished

Table legend:
 A = Turns spent in this place as a percentage of turns spent in the entire game.
 B = Non-inter-level travel turns spent in this place as a percentage of non-inter-level travel turns spent in the entire game.
 C = Inter-level travel turns spent in this place as a percentage of turns spent in this place.
 D = Turns resting spent in this place as a percentage of non-inter-level travel turns spent in this place.
 E = Turns spent auto-exploring this place as a percentage of non-inter-level travel turns spent in this place.
 F = Non-inter-level travel turns spent in this place divided by the number of levels of this place that you've seen.
                   A       B       C       D       E      F
               +-------+-------+-------+-------+-------+----------------------
         Total | 100.0 | 100.0 |   2.3 |  11.0 |  73.5 | 1047.8
       Dungeon |  79.6 |  79.6 |   2.2 |  11.1 |  74.7 | 1213.4
          Lair |  19.6 |  19.6 |   2.4 |  11.2 |  69.1 | 821.8
      Ice Cave |   0.8 |   0.8 |   0.0 |   0.0 |  67.7 | 130.0
               +-------+-------+-------+-------+-------+----------------------

Table legend:
 A = Non-vault XP
 B = Vault XP
 C = Vault XP percentage of total XP
 D = Non-vault monster count
 E = Vault monster count
 F = Vault count percentage of total count
                 A         B        C        D         E       F
            +---------+---------+-------+---------+---------+-------
      Total |   16203 |   14505 |  47.2 |     226 |     127 |  36.0
            +---------+---------+-------+---------+---------+-------
        D:1 |      61 |       0 |   0.0 |      23 |       0 |   0.0
        D:2 |     124 |       7 |   5.3 |      19 |       4 |  17.4
        D:3 |     106 |      99 |  48.3 |      17 |      18 |  51.4
        D:4 |     468 |     226 |  32.6 |      10 |      17 |  63.0
        D:5 |     559 |     202 |  26.5 |      27 |       1 |   3.6
        D:6 |     573 |      39 |   6.4 |      14 |       1 |   6.7
        D:7 |    1460 |     641 |  30.5 |      33 |       1 |   2.9
        D:8 |    1763 |       0 |   0.0 |      29 |       0 |   0.0
        D:9 |    1519 |     700 |  31.5 |      13 |      13 |  50.0
       D:10 |     840 |    2392 |  74.0 |       7 |       6 |  46.2
       D:11 |     301 |     568 |  65.4 |       6 |       2 |  25.0
     Lair:1 |    3268 |       0 |   0.0 |       8 |       0 |   0.0
     Lair:2 |    3061 |    3943 |  56.3 |      12 |       7 |  36.8
     Lair:3 |    1689 |    3878 |  69.7 |       7 |      49 |  87.5
     Lair:4 |     411 |       0 |   0.0 |       1 |       0 |   0.0
      IceCv |       0 |    1810 | 100.0 |       0 |       8 | 100.0
            +---------+---------+-------+---------+---------+-------
